 Dungeon Sprint DCSS version 0.20.1-1-g8b1a95d (webtiles) character file.

270 Lanoc the Cudgeler (level 6, 0/102 HPs)
             Began as a Troll Monk on Nov 28, 2017.
             Was a Priest of Jiyva.
             Slain by a demonic crawler (10 damage)
             ... in the Dungeon (Sprint I: "Red Sonja").
             The game lasted 00:02:39 (144 turns).

Lanoc the Cudgeler (Troll Monk)                      Turns: 144, Time: 00:02:40

Health: 0/102      AC:  5    Str: 27    XL:     6   Next: 1%
Magic:  5/5        EV: 12    Int:  6    God:    Jiyva [***...]
Gold:   162        SH:  0    Dex: 12    Spells: 5/5 levels left

rFire    . . .     SeeInvis .   k - +0 giant club
rCold    . . .     Gourm    +   (shield currently unavailable)
rNeg     . . .     Faith    .   l - +0 robe
rPois    .         Spirit   .   (helmet restricted)
rElec    .         Reflect  .   (no cloak)
rCorr    +         Harm     .   (gloves unavailable)
MR       .....     NoTele   +   (boots unavailable)
Stlth    ..........             (no amulet)
Regen    0.7/turn               (no ring)
MPRegen  0.1/turn               (no ring)

@: berserking, very quick
A: unfitting armour, claws 3, fast metabolism 3, gourmand, regeneration 1,
shaggy fur 1, tough skin 2, translucent skin 1
a: Request Jelly, Renounce Religion


You were in the Dungeon.
You worshipped Jiyva.
Jiyva was most pleased with you.
You were full.

You visited 1 branch You collected 162 gold pieces.

Inventory:

Hand Weapons
 a - a +0 mace
 b - a +0 scythe
 k - a +0 giant club (weapon)
Armour
 l - a +0 robe (worn)
 m - a +0 robe
 n - a +0 ring mail
Scrolls
 i - a scroll of blinking
Potions
 d - a potion of curing
 e - a potion of heal wounds
 f - a potion of haste
 g - 2 potions of magic
Comestibles
 c - 2 bread rations
 j - 8 chunks of flesh


   Skills:
 + Level 6.3 Fighting
 + Level 7.5 Maces & Flails
 + Level 6.0 Dodging
 + Level 1.6 Stealth


You had 5 spell levels left.
You didn't know any spells.

Dungeon Overview and Level Annotations

Branches:
Dungeon (1/1)

Altars:
Makhleb
Xom
Jiyva
Lugonu


Innate Abilities, Weirdness & Mutations

You are too large for most types of armour.
You have claws for hands.
Your metabolism is lightning-fast.
You like to eat raw meat.
Your natural rate of healing is unusually fast.
You are covered in fur. (AC +1)
You have very tough skin. (AC +2)
Your translucent skin slightly reduces your foes' accuracy. (Stealth)


Message History

The demonic crawler hits you but does no damage.
The demonic crawler hits you! The demonic crawler hits you.
The demonic crawler hits you!
* * * LOW HITPOINT WARNING * * *
The demonic crawler hits you.
* * * LOW HITPOINT WARNING * * *
The demonic crawler hits you.
* * * LOW HITPOINT WARNING * * *
The demonic crawler completely misses you.
The demonic crawler closely misses you.
The kobold demonologist hits you but does no damage.
You sock the kobold demonologist!
The kobold demonologist is severely wounded.
The demonic crawler hits you but does no damage.
The demonic crawler hits you!
* * * LOW HITPOINT WARNING * * *
The demonic crawler misses you. The demonic crawler hits you.
* * * LOW HITPOINT WARNING * * *
The demonic crawler barely misses you. The demonic crawler hits you!
You die...

#######################
#..'÷.#..'..#__#@K5s55#
'..#..'÷.#..'...ss#s3.#
#####'#####+#_J#### ...
# #..# #### . # #### #
# #


You could see 4 demonic crawlers, a kobold demonologist, a ynoxinul, a white
imp, 2 ufetubi and a neutral slime creature (fellow slime).

Vanquished Creatures
  Sigmund (D)
  An ogre (D)
  Ijyb (D)
3 creatures vanquished.

Vanquished Creatures (others)
  A kobold demonologist (D)
  A floating eye (D)
  A jelly (D)
3 creatures vanquished.

Grand Total: 6 creatures vanquished

Notes
Turn   | Place    | Note
-------+----------+-------------------------------------------
     0 | D        | Lanoc the Troll Monk began the quest for the Orb.
     0 | D        | Reached XP level 1. HP: 22/22 MP: 0/0
     2 | D        | Noticed Ijyb
    16 | D        | Killed Ijyb
    16 | D        | Reached skill level 3 in Maces & Flails
    16 | D        | Reached XP level 2. HP: 24/32 MP: 1/1
    32 | D        | Noticed an ogre
    40 | D        | Killed an ogre
    40 | D        | Reached skill level 5 in Fighting
    40 | D        | Reached skill level 5 in Maces & Flails
    40 | D        | Reached XP level 3. HP: 30/42 MP: 2/2
    40 | D        | Reached XP level 4. HP: 36/50 MP: 3/3
    47 | D        | Noticed Sigmund
    61 | D        | Killed Sigmund
    61 | D        | Reached skill level 7 in Maces & Flails
    61 | D        | Reached XP level 5. HP: 49/61 MP: 4/4
    61 | D        | Reached XP level 6. HP: 55/68 MP: 5/5
    99 | D        | Found a burning altar of Makhleb.
    99 | D        | Found a shimmering altar of Xom.
    99 | D        | Noticed a slime creature
   100 | D        | Found a viscous altar of Jiyva.
   100 | D        | Found a corrupted altar of Lugonu.
   102 | D        | Became a worshipper of Jiyva Juacwoij the Shapeless
   102 | D        | Reached * piety under Jiyva
   102 | D        | Reached ** piety under Jiyva
   125 | D        | Noticed a sixfirhy
   125 | D        | Killed a kobold demonologist
   127 | D        | Reached *** piety under Jiyva
   127 | D        | Gained mutation: Your translucent skin slightly reduces your foes' accuracy. (Stealth) [Jiyva's grace]
   128 | D        | Noticed a floating eye
   130 | D        | Noticed a kobold demonologist
   133 | D        | Noticed a ynoxinul
   133 | D        | Noticed a demonic crawler
   133 | D        | Noticed a demonic crawler
   134 | D        | Noticed a demonic crawler
   135 | D        | Noticed a demonic crawler
   136 | D        | Killed a floating eye
   144 | D        | Slain by a demonic crawler

Skill      XL: |  1  2  3  4 |
---------------+-------------+-----
Fighting       | 3 5 6 |  6.3
Maces & Flails | 3 5 7 |  7.5
Dodging        | 3 4 6 |  6.0
Stealth        | |  1.6

Action                   |  1- 3 |  4- 6 || total
-------------------------+-------+-------++-------
Melee: Mace              |    22 |       ||    22
       Giant club        |       |    23 ||    23
  Use: Potion            |       |     1 ||     1
  Eat: Chunk             |     2 |       ||     2
Armor: Robe              |     7 |     8 ||    15
Dodge: Dodged            |    11 |    33 ||    44
